[Event "Live Chess"]
[Site "Chess.com"]
[Date "2023.05.20"]
[Round "-"]
[White "EdenHazard8"]
[Black "luckywookie"]
[Result "1-0"]
[WhiteElo "2048"]
[BlackElo "743"]
[TimeControl "300"]
[EndTime "14:27:25 PDT"]
[Termination "EdenHazard8 won by checkmate"]

1. e4 c6 2. c4 d5 3. exd5 cxd5 4. cxd5 Nf6 5. Nc3 Bd7 6. Nf3 a6 7. Be2 e6 8. dxe6 Bxe6 9. O-O Be7 10. b3 Nc6 11. Bb2 O-O 12. Rc1 Rc8 13. h3 Bd6 14. d4 Nd5 15. Re1 Qf6 16. Ne4 Qf4 17. Bc4 Bxh3 18. gxh3 g5 19. Bxd5 g4 20. Nxd6 gxf3 21.
Qxf3 Qg5+ 22. Qg2 Qxg2+ 23. Kxg2 Rcd8 24. Bxc6 bxc6 25. Rxc6 Kh8 26. d5+ f6 27. Re7 Rg8+ 28. Kh2 Rdf8 29. Nf7+ Rxf7 30. Rxf7 Rg6 31. Rc8+ Rg8 32.
Bxf6# 1-0

[Event "Live Chess"]
[Site "Chess.com"]
[Date "2023.05.20"]
[Round "-"]
[White "hturner40"]
[Black "wadsy27"]
[Result "0-1"]
[WhiteElo "1814"]
[BlackElo "2556"]
[TimeControl "300"]
[EndTime "14:27:27 PDT"]
[Termination "wadsy27 won by resignation"]

1. Nf3 d5 2. g3 Nf6 3. Bg2 c6 4. O-O Bg4 5. c4 Bxf3 6. exf3 e6 7. Qb3 Qb6 8. Nc3 Nbd7 9. cxd5 Qxb3 10. axb3 Nxd5 11.
Nxd5 cxd5 12. d4 Bd6 13. Bf4 Ke7 14. Rfc1 a6 15. Bxd6+ Kxd6 16. f4 Rhc8 17. Rc3 Rc6 18. Rac1 Rac8 19. Bh3 Nf6 20. f3 g6 21. Bf1 Kd7 22. b4 Ne8 23. b5 Rxc3 24. Rxc3 Rxc3 25. bxc3 a5 26. c4 dxc4 27. Bxc4 Nd6 28. Bd3 a4 29. b6 a3 30. Bb1 Nb5 31. Kf2 Nc3 0-1

[Event "Live Chess"]
[Site "Chess.com"]
[Date "2023.05.20"]
[Round "-"]
[White "Jo1ts"]
[Black "stevochess11"]
[Result "1-0"]
[WhiteElo "736"]
[BlackElo "1766"]
[TimeControl "300"]
[EndTime "14:27:28 PDT"]
[Termination "Jo1ts won - game abandoned"]

1. d4 Nf6 2. Bf4 g6 3. Nf3 Bg7 4. e3 d5 5. Nbd2 O-O 6. Bd3 c5 7.
c3 Nc6 8. c4 cxd4 9. exd4 Bg4 10. c5 Nxd4 11. Be2 Nxe2 12. Qxe2 Ne4 13. Nxe4 dxe4 14.
Qxe4 Bxb2 15. Rb1 Bc3+ 16. Bd2 Bxd2+ 17. Nxd2 Bf5 18. Qb4 Bxb1 19. Qxb1 Qc7 20. Qc2 Rac8 21. O-O 1-0

[Event "Live Chess"]
[Site "Chess.com"]
[Date "2023.05.20"]
[Round "-"]
[White "chrisbradgate"]
[Black "LL220284LL"]
[Result "0-1"]
[WhiteElo "861"]
[BlackElo "2377"]
[TimeControl "300"]
[EndTime "14:27:30 PDT"]
[Termination "LL220284LL won on time"]

1. d4 g6 2. Bf4 Bg7 3. e3 d6 4. c3 Nd7 5. Bb5 c6 6. Ba4 e5 7. dxe5 dxe5 8. Bg3 Ngf6 9. Nf3 Qe7 10. O-O O-O 11.
Nbd2 Nh5 12. Bh4 Qe6 13. Ne4 h6 14. Bb3 Qg4 15. Nd6 Nc5 16. Nxc8 Raxc8 17. Qe2 e4 18.
Rad1 exf3 19. Qxf3 Qxh4 20. g3 Qf6 21. Qg4 Nxb3 22.
axb3 Rcd8 23. Rfe1 Qe7 24. Kf1 Nf6 25. Qh3 Rxd1 26.
Rxd1 Rd8 27. Rxd8+ Qxd8 28. Kg2 Qd5+ 29. Kf1 Qxb3 30.
Qc8+ Kh7 31. Kg2 Qd5+ 32. Kf1 Qd7 33. Qb8 a6 34. Qa7 Ne4 35. Kg2 Qd2 36. Kh3 Qxf2 0-1

[Event "Live Chess"]
[Site "Chess.com"]
[Date "2023.05.20"]
[Round "-"]
[White "Oleg_Silin"]
[Black "KeithArkell"]
[Result "0-1"]
[WhiteElo "1464"]
[BlackElo "2618"]
[TimeControl "300"]
[EndTime "14:27:35 PDT"]
[Termination "KeithArkell won by resignation"]

1. c4 c5 2. Nc3 Nc6 3. g3 g6 4. Bg2 Bg7 5. Nf3 Nf6 6. e3 O-O 7. d4 cxd4 8. exd4 d5 9. cxd5 Nxd5 10. O-O Bg4 11. h3 Bxf3 12. Bxf3 Nxc3 13. bxc3 Rc8 14. Ba3 Re8 15. Re1 e6 16. Bg2 b6 17. Qa4 Na5 18. Rac1 Rc7 19. Bb4 Nc4 20. Qd1 a5 21. Ba3 Nxa3 22.
Qb3 Nc4 23. Bf1 Qc8 24. Bxc4 Rxc4 25. Qxb6 Rxc3 0-1

[Event "Live Chess"]
[Site "Chess.com"]
[Date "2023.05.20"]
[Round "-"]
[White "OSmith06"]
[Black "lucaskk818"]
[Result "1-0"]
[WhiteElo "1671"]
[BlackElo "1881"]
[TimeControl "300"]
[EndTime "14:27:39 PDT"]
[Termination "OSmith06 won by resignation"]

1. e4 c5 2. Nf3 e6 3. d4 cxd4 4.
Nxd4 Nf6 5. Nc3 Nc6 6. Be3 Bb4 7. f3 d5 8. exd5 Nxd5 9. Nxc6 bxc6 10. Bd2 O-O 11.
Bd3 Qh4+ 12. g3 Qd4 13. Nxd5 Bxd2+ 14. Qxd2 cxd5 15. c3 Qe5+ 16. Qe2 Qxe2+ 17. Kxe2 a5 18. a3 Ba6 19. b4 Bxd3+ 20. Kxd3 axb4 21. axb4 h6 22. Ra5 Rxa5 23. bxa5 Ra8 24. Ra1 Kf8 25. Kd4 Ke7 26. Kc5 Kd7 27. Kb6 Kc8 28. a6 Rb8+ 29. Kc6 Ra8 30. a7 g5 31. Kb6 h5 32. Ra5 Kd8 33.
Kb7 1-0

[Event "Live Chess"]
[Site "Chess.com"]
[Date "2023.05.20"]
[Round "-"]
[White "CeladonFish"]
[Black "LiamBellwood"]
[Result "0-1"]
[WhiteElo "1060"]
[BlackElo "2065"]
[TimeControl "300"]
[EndTime "14:27:40 PDT"]
[Termination "LiamBellwood won by checkmate"]

1. d4 e6 2. c4 f5 3. Nc3 Nf6 4. Bf4 Be7 5. Nf3 O-O 6. e3 b6 7. Be2 Bb7 8. O-O Ne4 9. Nxe4 fxe4 10. Ne5 d6 11. Ng4 h5 12. Qb3 hxg4 13. Bxg4 Bc8 14.
c5 d5 15. f3 exf3 16. Rxf3 Bg5 17. cxb6 axb6 18. Raf1 Bxf4 19. Rxf4 Rxf4 20. Rxf4 Nc6 21. Qb5 Qd6 22. a3 Ba6 23. Qa4 Bb7 24. Qd1 Rf8 25. Rxf8+ Kxf8 26. Qf3+ Kg8 27. Qh3 Bc8 28. Qh5 Ne7 29.
Qe8+ Kh7 30. Kf2 Bd7 31. Qh5+ Kg8 32. Qg5 Nf5 33. Qd8+ Kf7 34. Bh5+ g6 35. Bg4 Be8 36. h3 Qxd8 37. Bxf5 exf5 38. g4 fxg4 39. hxg4 Qg5 40.
Kg3 Bd7 41. e4 Qxg4+ 42. Kf2 Qxe4 43. b4 Bh3 44. b5 Qxd4+ 45. Kf3 Qe4+ 46. Kg3 Qg4+ 47.
Kf2 d4 48. a4 Qg2+ 49. Ke1 d3 50. a5 Qe2# 0-1

[Event "Live Chess"]
[Site "Chess.com"]
[Date "2023.05.20"]
[Round "-"]
[White "friarnator"]
[Black "smoggyrabbit"]
[Result "1-0"]
[WhiteElo "2001"]
[BlackElo "1703"]
[TimeControl "300"]
[EndTime "14:27:55 PDT"]
[Termination "friarnator won on time"]

1. d4 e6 2. Nc3 f5 3. h4 Nf6 4. h5 h6 5. Nh3 b6 6. Nf4 Bb7 7.
Ng6 Rg8 8. Bf4 Bb4 9. e3 Ne4 10.
Rb1 Bxc3+ 11. bxc3 Nxc3 12. Qc1 Nxb1 13. Qxb1 Nc6 14.
c4 Ne7 15. Ne5 a6 16. Rh3 d6 17. Nf3 Qd7 18. Rg3 Qa4 19. Be2 Be4 20. Qb3 Qxb3 21.
axb3 Bc2 22. Bd1 Bxd1 23. Kxd1 Kd7 24. Nd2 c5 25. Kc2 b5 26. f3 Kc6 27. Rh3 b4 28. Rh1 a5 29. Ra1 g5 30. hxg6 Rxg6 31. g3 Rgg8 32.
Bxh6 Rxg3 33. Bf4 Rg2 34. Kd3 Rgg8 35. e4 fxe4+ 36. fxe4 Ra7 37. d5+ exd5 38. cxd5+ Kb7 39. Nc4 Rga8 40. Bxd6 a4 41. bxa4 Rxa4 42. Rxa4 Rxa4 43. Bxe7 b3 44. Nb2 Rb4 45. Bxc5 Rb5 46. Kc4 Ka6 47. d6 Ka5 48. d7 1-0

[Event "Live Chess"]
[Site "Chess.com"]
[Date "2023.05.20"]
[Round "-"]
[White "therealab0ne"]
[Black "ProfPoisson"]
[Result "0-1"]
[WhiteElo "701"]
[BlackElo "1130"]
[TimeControl "300"]
[EndTime "14:27:56 PDT"]
[Termination "ProfPoisson won by resignation"]

1. e4 e5 2. Bc4 Nf6 3. d3 c6 4. Nc3 d5 5. exd5 cxd5 6. Nxd5 Nxd5 7. Nf3 Bb4+ 8. Bd2 Nc6 9. O-O Bg4 10. Bb5 O-O 11. Bxc6 bxc6 12. h3 Bxf3 13. Qxf3 Bxd2 14. Rad1 Bh6 15. Rfe1 Qg5 16. Qe4 Nf4 17. c3 Nxh3+ 18. Kf1 Nf4 19. d4 Qxg2+ 20. Qxg2 Nxg2 21. Kxg2 exd4 22. cxd4 Rfe8 23. Rxe8+ Rxe8 24. Rc1 f5 25. Rxc6 Re2 26. d5 Rxb2 27. d6 Bg5 28. Rc8+ Kf7 29. Kg3 Rxa2 30. f4 Bf6 31. d7 Rd2 32. d8=N+ Bxd8 0-1

[Event "Live Chess"]
[Site "Chess.com"]
[Date "2023.05.20"]
[Round "-"]
[White "BJAW87"]
[Black "SupremeTactician"]
[Result "0-1"]
[WhiteElo "1438"]
[BlackElo "2364"]
[TimeControl "300"]
[EndTime "14:28:01 PDT"]
[Termination "SupremeTactician won by resignation"]

1. e4 e5 2. Nc3 Nc6 3. f4 Bc5 4. fxe5 d6 5. exd6 cxd6 6. Nf3 Nf6 7. d4 Bb4 8. Bc4 O-O 9. O-O Bxc3 10. bxc3 Nxe4 11. Qd3 d5 12. Bb3 Bf5 13. Ng5 Bg6 14. Qf3 Nxg5 15. Bxg5 Qxg5 16. Bxd5 Bh5 17. Qe4 Rae8 18.
Qd3 Qxd5 0-1

[Event "Live Chess"]
[Site "Chess.com"]
[Date "2023.05.20"]
[Round "-"]
[White "Richardallis"]
[Black "MarkLim1"]
[Result "1-0"]
[WhiteElo "1908"]
[BlackElo "1660"]
[TimeControl "300"]
[EndTime "14:28:04 PDT"]
[Termination "Richardallis won by resignation"]

1. d4 Nf6 2. Nf3 e6 3. Bg5 h6 4. Bxf6 Qxf6 5. Nbd2 d6 6. e4 Be7 7. c3 O-O 8. Bd3 b6 9. e5 dxe5 10. dxe5 Qf4 11. g3 Qg4 12. h3 Qh5 13. g4 1-0

[Event "Live Chess"]
[Site "Chess.com"]
[Date "2023.05.20"]
[Round "-"]
[White "Greenbecker"]
[Black "Missedidea"]
[Result "0-1"]
[WhiteElo "1637"]
[BlackElo "1741"]
[TimeControl "300"]
[EndTime "14:28:07 PDT"]
[Termination "Missedidea won by checkmate"]

1. e4 c5 2. Nf3 d6 3. d4 cxd4 4. Nxd4 Nf6 5. Nc3 g6 6. Bg5 Bg7 7. Bb5+ Bd7 8. Bxd7+ Nbxd7 9. O-O O-O 10. Re1 Rc8 11. Nd5 h6 12. Nxf6+ Nxf6 13. Be3 Qd7 14.
Qd2 Ng4 15. Bf4 e5 16. h3 exf4 17. hxg4 Qxg4 18. f3 Qg5 19. c3 h5 20. Ne2 Be5 21.
Qd5 h4 22. Kh2 Kg7 23. Rad1 Rh8 24. Qxb7 h3 25. gxh3 Rxh3+ 26. Kxh3 Rh8# 0-1

[Event "Live Chess"]
[Site "Chess.com"]
[Date "2023.05.20"]
[Round "-"]
[White "Singapourfeuj"]
[Black "Nazar_777"]
[Result "1-0"]
[WhiteElo "2252"]
[BlackElo "1607"]
[TimeControl "300"]
[EndTime "14:28:11 PDT"]
[Termination "Singapourfeuj won by checkmate"]

1. d4 e6 2. e4 a6 3. Nf3 h5 4.
Nc3 c5 5. d5 Nf6 6. Bg5 Qc7 7.
a4 c4 8. Qd4 Bc5 9. Qxc4 Ng4 10. Be3 Nxe3 11. fxe3 Qb6 12. O-O-O Bxe3+ 13. Kb1 Bf4 14. Qxc8+ Qd8 15. Qxd8+ Kxd8 16. g3 Bd6 17. dxe6 Be7 18.
exf7 Rf8 19. Ne5 d6 20. a5 Nd7 21. Nxd7 Kxd7 22. Bc4 Rac8 23. Bd5 Rc5 24. e5 Rxa5 25.
e6+ Kc7 26. b4 Ra3 27. Kb2 Rxc3 28. Kxc3 b5 29. Kb3 Kb6 30. Rhe1 a5 31. bxa5+ Kxa5 32. Ra1+ Kb6 33. Ra8 Kc5 34. Rxf8 Bxf8 35. e7 Bxe7 36. Rxe7 Kxd5 37. f8=Q g5 38. Qf5+ Kc6 39. Kb4 h4 40. Qxb5# 1-0

[Event "Live Chess"]
[Site "Chess.com"]
[Date "2023.05.20"]
[Round "-"]
[White "FailsGambits"]
[Black "Inglaterra"]
[Result "0-1"]
[WhiteElo "1321"]
[BlackElo "2032"]
[TimeControl "300"]
[EndTime "14:28:16 PDT"]
[Termination "Inglaterra won on time"]

1. e4 c6 2. Nf3 d5 3. exd5 cxd5 4. d4 Nc6 5. Bb5 Bg4 6. Nc3 e6 7. h3 Bh5 8. Bf4 Bd6 9. Bxd6 Qxd6 10. O-O Nf6 11.
Qd3 O-O 12. Rfe1 Bxf3 13. Bxc6 Bh5 14. Ba4 Bg6 15. Qg3 Qb6 16. Bb3 Qxd4 17. Rad1 Qc5 18. Na4 Qc6 19. Re3 Ne4 20. Qf3 Rac8 21. Nc3 d4 22. Rxd4 Nxc3 23. Rxc3 Qxf3 24. Rxf3 Bxc2 25. Rd7 Be4 26. Re3 Bc6 27. Rdd3 Rcd8 28. Bc2 Rd5 29. Bb3 Rxd3 30. Rxd3 Rc8 31. Rc3 Kf8 32. Ba4 Ke7 33. Bxc6 Rxc6 34. Rxc6 bxc6 35. Kf1 Kd6 36. Ke2 Kd5 37. Kd3 e5 38. a4 c5 39. b3 f5 40. f3 f4 41. a5 a6 42. h4 g6 43. Ke2 e4 44. fxe4+ Kxe4 45. Kd2 h6 46. Kc3 g5 47. hxg5 hxg5 48. Kc4 g4 49. Kxc5 f3 0-1

[Event "Live Chess"]
[Site "Chess.com"]
[Date "2023.05.20"]
[Round "-"]
[White "toog"]
[Black "Pandreq"]
[Result "1-0"]
[WhiteElo "2615"]
[BlackElo "1255"]
[TimeControl "300"]
[EndTime "14:28:17 PDT"]
[Termination "toog won on time"]

1. e4 Nf6 2. e5 Nd5 3. c4 Nb6 4. c5 Nd5 5. Nc3 c6 6. Bc4 e6 7. d4 b5 8. Bb3 Be7 9. Nf3 O-O 10.
O-O a5 11. Ne4 Ba6 12. Re1 b4 13. Bc2 Bb5 14. Nd6 Nc7 15. Bf4 Bxd6 16. cxd6 Nd5 17. Bg3 Qb6 18. h4 a4 19. Qb1 h6 20. Bh7+ Kh8 21.
Be4 a3 22. b3 Nc3 23. Qc1 Nxe4 24. Rxe4 Bd3 25. Rg4 Bf5 26. Rf4 g5 27. hxg5 hxg5 28.
Nxg5 Rg8 29. Rxf5 exf5 30. Qf4 Rg7 31. Rd1 Na6 32. Qxf5 Rag8 33. Ne4 c5 34. Nf6 Rg5 35. Qh3+ Kg7 36. Bf4 1-0

[Event "Live Chess"]
[Site "Chess.com"]
[Date "2023.05.20"]
[Round "-"]
[White "jennybobby44"]
[Black "parcellforce"]
[Result "1-0"]
[WhiteElo "1855"]
[BlackElo "1370"]
[TimeControl "300"]
[EndTime "14:29:04 PDT"]
[Termination "jennybobby44 won by resignation"]

1. Nf3 Nf6 2. g3 d5 3. d4 e6 4.
Bg2 c5 5. dxc5 Bxc5 6. O-O Bf8 7.
c4 Nc6 8. cxd5 Qxd5 9. a3 Qxd1 10. Rxd1 Be7 11. Nc3 O-O 12. Bf4 Rd8 13. Ne5 Rxd1+ 14.
Rxd1 Nxe5 15. Bxe5 Ng4 16. Bc7 Nf6 17. Nb5 h6 18. Nd6 Bxd6 19. Rxd6 Kh7 20. Rd8 Kg6 21. h3 Kh7 22. a4 Kg6 23. a5 Kh7 24. a6 Nd5 25.
Bxd5 exd5 26. Rxd5 bxa6 27. Bf4 Bb7 28. Rd7 Bc6 29.
Rxf7 Rd8 30. f3 a5 31. Be5 Kg6 32. Rxg7+ Kf5 33. Bc3 a4 34. Rxa7 Rd1+ 35. Kf2 Rd7 36. Ra5+ Kg6 37. h4 Rd8 38. Re5 1-0

[Event "Live Chess"]
[Site "Chess.com"]
[Date "2023.05.20"]
[Round "-"]
[White "diana21strabt"]
[Black "VovaOvchar1990"]
[Result "1-0"]
[WhiteElo "1697"]
[BlackElo "1222"]
[TimeControl "300"]
[EndTime "14:29:11 PDT"]
[Termination "diana21strabt won on time"]

1. e4 e5 2. Nf3 Nc6 3. d4 Nxd4 4. Nxd4 exd4 5. Bc4 Bb4+ 6. c3 dxc3 7. O-O cxb2 8.
Bxb2 Nf6 9. Qb3 Qe7 10. e5 Ng4 11. h3 Nxf2 12. Rxf2 Bc5 13. Bxf7+ Kd8 14. Nd2 Rf8 15.
e6 dxe6 16. Ne4 Bxf2+ 17. Nxf2 Rxf7 18. Rd1+ Bd7 19. Qxb7 Rc8 20. Qxa7 Ke8 21. Ba3 Qf6 22. Ne4 Qf5 23. Qb7 Qa5 24. Nc5 Qxa3 25. Nxd7 Qe3+ 26. Kh1 Rxd7 27. Qxc8+ Kf7 28. Rxd7+ Kf6 29. Qf8+ Kg6 30.
Qf7+ Kg5 31. Qxg7+ Kf5 32. Qxh7+ 1-0

[Event "Live Chess"]
[Site "Chess.com"]
[Date "2023.05.20"]
[Round "-"]
[White "Stanbad1"]
[Black "Jonmill"]
[Result "1-0"]
[WhiteElo "2393"]
[BlackElo "1250"]
[TimeControl "300"]
[EndTime "14:29:12 PDT"]
[Termination "Stanbad1 won on time"]

1. d4 Nf6 2. Nc3 d6 3. e4 g6 4. Be3 Bg7 5. f3 O-O 6. Qd2 c5 7. dxc5 dxc5 8. Qxd8 Rxd8 9. Bxc5 e6 10. Bd3 b6 11.
Be3 Bb7 12. Nge2 Nc6 13. O-O-O Ne5 14. h3 Nxd3+ 15. cxd3 Ba6 16. d4 Rac8 17. Kb1 Ne8 18. Nc1 f5 19. Nd3 Bxd4 20. Bxd4 Rxd4 21. Ne5 Rxd1+ 22.
Rxd1 Nf6 23. exf5 exf5 24. Rd6 Ne8 25. Rd7 Bf1 26. Nd5 Ra8 27. Ne7+ Kf8 28. g4 Bxh3 29. gxf5 Bxf5+ 30. Nxf5 gxf5 31. Rxh7 Kg8 32. Rf7 Ng7 33.
f4 a5 34. Rb7 Ne6 35. Ng6 1-0

[Event "Live Chess"]
[Site "Chess.com"]
[Date "2023.05.20"]
[Round "-"]
[White "omisoc"]
[Black "AbilifyXL"]
[Result "1-0"]
[WhiteElo "2149"]
[BlackElo "1959"]
[TimeControl "300"]
[EndTime "14:29:16 PDT"]
[Termination "omisoc won by resignation"]

1. e4 d5 2. d3 c6 3. c3 e5 4. Nf3 Nd7 5. Nbd2 Ngf6 6. Be2 Bd6 7.
O-O O-O 8. Re1 Re8 9. Bf1 Qc7 10.
Qc2 Nf8 11. a3 h6 12. b4 Ng6 13. Bb2 Bd7 14. c4 d4 15. c5 Bf8 16. Nc4 Be6 17. g3 Rad8 18. h4 Bxc4 19. Qxc4 a6 20. Bh3 h5 21. Ng5 Ng4 22. f3 Ne3 23. Qb3 Re7 24.
Bc1 b5 25. Bf5 Nxf5 26. exf5 Nh8 27. Ne4 Ree8 28. a4 Be7 29. axb5 axb5 30. Bg5 Bxg5 31.
hxg5 Kf8 32. Kg2 Ra8 33. g4 hxg4 34. fxg4 Qb7 35. Nd6 Rxa1 36. Rxa1 Qb8 37. Rh1 Kg8 38. Rxh8+ Kxh8 39. Qxf7 Rf8 40. Qh5+ Kg8 41. g6 1-0

[Event "Live Chess"]
[Site "Chess.com"]
[Date "2023.05.20"]
[Round "-"]
[White "LiamClery2020"]
[Black "bristolunichess"]
[Result "0-1"]
[WhiteElo "2071"]
[BlackElo "1856"]
[TimeControl "300"]
[EndTime "14:29:29 PDT"]
[Termination "bristolunichess won by resignation"]

1. e4 e5 2. Nc3 Nc6 3. Bc4 Nf6 4. d3 Na5 5. Bb3 Nxb3 6. axb3 Bb4 7. Bd2 d6 8. Nf3 Bg4 9. O-O h5 10.
Ra4 a5 11. h3 Bd7 12. Ra1 c6 13.
Ne2 Bxd2 14. Qxd2 Qc7 15. Ng3 Be6 16. Rfe1 g6 17. d4 h4 18. dxe5 hxg3 19. exf6 gxf2+ 20. Qxf2 O-O-O 21. b4 Rh5 22. Red1 Rdh8 23. Rxa5 d5 24.
exd5 Bxh3 25. Ra8+ Kd7 26. dxc6+ Kxc6 27. Qc5+ Rxc5 28.
Rxh8 Rh5 29. Rxh5 gxh5 30. gxh3 Qg3+ 31. Kf1 Qxf3+ 32. Ke1 Qe3+ 33. Kf1 Qxh3+ 34. Ke1 Qe3+ 35. Kf1 Qf3+ 36. Ke1 Qxf6 37. Rd3 Qxb2 38. b5+ Kb6 39. c4 Qb1+ 40. Rd1 Qe4+ 41. Kf2 Qxc4 42. Rb1 Qc2+ 0-1

[Event "Live Chess"]
[Site "Chess.com"]
[Date "2023.05.20"]
[Round "-"]
[White "AttackingSnowLeopard"]
[Black "LutherSullivan"]
[Result "1-0"]
[WhiteElo "2094"]
[BlackElo "2067"]
[TimeControl "300"]
[EndTime "14:29:34 PDT"]
[Termination "AttackingSnowLeopard won on time"]

1. d4 Nf6 2. c4 g6 3. Nc3 d5 4.
cxd5 Nxd5 5. e4 Nxc3 6. bxc3 Bg7 7. Be3 c5 8. Qd2 Qa5 9. Rc1 cxd4 10. cxd4 Qxd2+ 11.
Bxd2 O-O 12. Nf3 Bg4 13. Be3 Nd7 14. Be2 Rfc8 15. Kd2 Nb6 16. d5 f5 17. Rxc8+ Rxc8 18. Bxb6 axb6 19. h3 Bh6+ 20. Kd3 fxe4+ 21. Kxe4 Bf5+ 22.
Kd4 Bg7+ 23. Ke3 Bh6+ 24. Kd4 Bg7+ 25. Ne5 Rc2 26. Bd3 Rd2 27. Ke3 Rxa2 28. Bxf5 gxf5 29.
Nd7 Bh6+ 30. Kf3 Ra3+ 31. Ke2 Ra2+ 32. Kd3 Rxf2 33. g4 f4 34. Nxb6 f3 35. Nc4 Bf4 36.
Ke4 Bd6 37. Rb1 Rh2 38. Nxd6 exd6 39. Kxf3 Rxh3+ 40. Kf4 Rd3 41. Kf5 Rxd5+ 42. Kf6 b5 43. Ra1 h6 44. Kg6 Rg5+ 45. Kxh6 Rxg4 46. Ra7 b4 47.
Rb7 Kf8 48. Kh5 Rg7 49. Rxb4 Ke7 50. Rb7+ Ke6 51. Rxg7 d5 52. Rg1 Kf5 53. Rf1+ Ke4 54. Kg4 d4 55. Re1+ Kd3 56. Kf3 Kd2 57. Kf2 d3 58.
Re8 Kc2 59. Rd8 d2 60. Ke2 1-0

[Event "Live Chess"]
[Site "Chess.com"]
[Date "2023.05.20"]
[Round "-"]
[White "SavagePawn7"]
[Black "McSlash1"]
[Result "0-1"]
[WhiteElo "788"]
[BlackElo "2040"]
[TimeControl "300"]
[EndTime "14:29:38 PDT"]
[Termination "McSlash1 won by resignation"]

1. e4 c5 2. d4 cxd4 3. c3 dxc3 4. Nxc3 Nc6 5. Nf3 e6 6. Bc4 Qc7 7. h3 Nf6 8. Qe2 h5 9. Bg5 a6 10. Bxf6 gxf6 11. O-O-O b5 12. Bb3 b4 13. Na4 Nd4+ 14.
Qc4 Nxb3+ 15. axb3 Qxc4+ 16. bxc4 Bb7 17. Rhe1 Rc8 18. b3 Bc6 19. Nb6 Rb8 20. c5 Bxc5 21. Nd4 Rxb6 22. Kb1 Be7 0-1

[Event "Live Chess"]
[Site "Chess.com"]
[Date "2023.05.20"]
[Round "-"]
[White "HoarseyHorsey"]
[Black "Singapourfeuj"]
[Result "0-1"]
[WhiteElo "1403"]
[BlackElo "2252"]
[TimeControl "300"]
[EndTime "14:29:38 PDT"]
[Termination "Singapourfeuj won by resignation"]

1. d4 Nf6 2. c4 g6 3. f3 Bg7 4. e4 d6 5. Nc3 O-O 6. Nge2 c5 7. d5 e6 8. Bg5 exd5 9. cxd5 h6 10.
Be3 a6 11. Qd2 b5 12. Bxh6 Nxe4 13. Nxe4 Qh4+ 14. N4g3 Bxh6 15. Qd3 Bf5 16. Qe3 Bxe3 0-1

[Event "Live Chess"]
[Site "Chess.com"]
[Date "2023.05.20"]
[Round "-"]
[White "KeithArkell"]
[Black "Jo1ts"]
[Result "1-0"]
[WhiteElo "2618"]
[BlackElo "736"]
[TimeControl "300"]
[EndTime "14:29:49 PDT"]
[Termination "KeithArkell won by resignation"]

1. d4 d5 2. Nf3 Nf6 3. c4 Bf5 4.
cxd5 Qxd5 5. Nc3 Qa5 6. Bd2 Nc6 7. e4 Bg4 8. Nd5 Bxf3 9. gxf3 Qxd5 10. exd5 Nxd5 11.
Bc4 Nb6 12. Bb5 e6 13. Bxc6+ bxc6 14. Qc2 Bd6 15. Qxc6+ Nd7 16. Qxa8+ 1-0

[Event "Live Chess"]
[Site "Chess.com"]
[Date "2023.05.20"]
[Round "-"]
[White "Tushinskiy"]
[Black "gmnorfolk"]
[Result "0-1"]
[WhiteElo "2140"]
[BlackElo "2116"]
[TimeControl "300"]
[EndTime "14:29:51 PDT"]
[Termination "gmnorfolk won by checkmate"]

1. d4 Nf6 2. c3 d5 3. Nf3 Bf5 4. Bf4 e6 5. Nbd2 Bd6 6. Bg3 O-O 7. e3 Nbd7 8. Ne5 Bg6 9. f4 Ne4 10. Nxe4 Bxe4 11. Qd2 f6 12. Nxd7 Qxd7 13. Bd3 Bxd3 14. Qxd3 c5 15. O-O f5 16. Rac1 c4 17. Qe2 b5 18. h3 a5 19. Kh2 b4 20. Rf2 Rfb8 21.
Rg1 a4 22. Bh4 a3 23. cxb4 Rxb4 24. bxa3 Rxa3 25. g4 g6 26. gxf5 exf5 27. Bf6 Rba4 28. Qf3 Rxa2 29. Qxd5+ Qf7 30. Qxd6 Rxf2+ 31. Kg3 Raa2 32.
d5 Rfe2 33. Rb1 Rxe3+ 34. Kh4 g5+ 35. Bxg5 Rxh3+ 36. Kxh3 Qh5+ 37. Bh4 Qg4# 0-1

[Event "Live Chess"]
[Site "Chess.com"]
[Date "2023.05.20"]
[Round "-"]
[White "ViktorTheCoolBoy"]
[Black "grillage"]
[Result "1-0"]
[WhiteElo "2511"]
[BlackElo "1846"]
[TimeControl "300"]
[EndTime "14:29:51 PDT"]
[Termination "ViktorTheCoolBoy won by checkmate"]

1. d4 Nf6 2. c4 e6 3. Nc3 Bb4 4. g3 O-O 5. Bg2 d6 6. Nf3 Nbd7 7. O-O Bxc3 8. bxc3 e5 9. Qc2 Re8 10. Re1 c5 11. e4 Nf8 12. Ba3 b6 13. Rad1 Ba6 14.
dxe5 Ng4 15. exd6 Bxc4 16. h3 Nf6 17. e5 N6d7 18. h4 Ng6 19. h5 Ngf8 20. Re4 Be6 21. Bc1 Rc8 22. Ng5 Bf5 23. f4 Bxe4 24. Bxe4 h6 25. Bh7+ Nxh7 26. Qxh7+ Kf8 27. Qh8# 1-0

[Event "Live Chess"]
[Site "Chess.com"]
[Date "2023.05.20"]
[Round "-"]
[White "elvenstar"]
[Black "ExIsambard"]
[Result "0-1"]
[WhiteElo "1565"]
[BlackElo "1971"]
[TimeControl "300"]
[EndTime "14:30:01 PDT"]
[Termination "ExIsambard won by resignation"]

1. e4 Nc6 2. Nf3 d5 3. e5 Bg4 4. Be2 Bxf3 5. Bxf3 Nxe5 6. d4 Ng6 7. O-O c6 8. Bg5 Nf6 9. c3 e6 10. Nd2 Bd6 11. g3 h6 12. Bxf6 Qxf6 13. Bg2 O-O-O 14.
b4 h5 15. h3 e5 16. a4 h4 17. Qf3 hxg3 18. fxg3 Qxf3 19. Rxf3 f6 20. Nb3 e4 21.
Re3 f5 22. Rf1 f4 23. gxf4 Nxf4 24. Nc5 g5 25. c4 Rdg8 26. cxd5 cxd5 27. Rc1 Kb8 28. Nd7+ Ka8 29. Nf6 Rg6 30. Ng4 Bxb4 31. Rb3 a5 32. Rc7 Ne2+ 33. Kh1 Nxd4 34. Rb1 Rc6 35.
Ne5 Rxc7 0-1

[Event "Live Chess"]
[Site "Chess.com"]
[Date "2023.05.20"]
[Round "-"]
[White "manthanit"]
[Black "f4nomore"]
[Result "0-1"]
[WhiteElo "1006"]
[BlackElo "1397"]
[TimeControl "300"]
[EndTime "14:30:02 PDT"]
[Termination "f4nomore won by resignation"]

1. e4 g6 2. g3 Bg7 3. Bg2 d6 4. Nc3 c5 5. Nf3 Nc6 6. Ne2 Bd7 7. d4 cxd4 8. Nexd4 Nxd4 9. Nxd4 Nf6 10. c3 O-O 11. O-O a6 12. a4 e5 13. Nf3 Bc6 14. Bg5 h6 15. Bxf6 Bxf6 16. Re1 Bg7 17. b4 f6 18. Nh4 g5 19. Ng6 Rf7 20. h4 Rd7 21.
hxg5 fxg5 22. f4 exf4 23. gxf4 Bxc3 24. fxg5 Qxg5 25. Qb3+ d5 26. exd5 Bxd5 27. Qxd5+ Rxd5 28. Ne7+ Kg7 29. Nf5+ Rxf5 0-1

[Event "Live Chess"]
[Site "Chess.com"]
[Date "2023.05.20"]
[Round "-"]
[White "Doge_Dandolo"]
[Black "Pablo_dmp"]
[Result "1-0"]
[WhiteElo "2038"]
[BlackElo "1877"]
[TimeControl "300"]
[EndTime "14:30:07 PDT"]
[Termination "Doge_Dandolo won by checkmate"]

1. Nf3 d5 2. c4 e6 3. g3 Nf6 4. Bg2 Be7 5. O-O c6 6. d4 O-O 7.
Qc2 Nbd7 8. Nbd2 Qc7 9. e4 dxe4 10. Nxe4 Nxe4 11. Qxe4 Nf6 12. Qc2 Qa5 13. Bd2 Qh5 14. b4 Rd8 15. Rfe1 Bd7 16. Re5 Qg6 17. Qb2 Bd6 18. Nh4 Qd3 19. Re3 Qxc4 20. Rc1 Qb5 21. Qb3 a5 22. a4 Qb6 23. b5 cxb5 24. axb5 Bc6 25. bxc6 Qxb3 26. Rxb3 bxc6 27. Rxc6 Nd5 28. Bxd5 exd5 29. Nf5 a4 30. Rb1 Bf8 31. Rc7 a3 32.
Ne7+ Bxe7 33. Rxe7 a2 34. Ra1 Rdb8 35. Ree1 Rb2 36.
Bc3 Rc2 37. Rec1 Rxc1+ 38. Rxc1 Ra3 39. Ba1 f6 40. Kf1 Rb3 41. Ke1 Rb1 42. Kd1 Kf7 43. Kc2 Rb4 44. Bc3 Rb7 45. Ra1 Ra7 46. Kb3 Ke6 47.
Rxa2 Rb7+ 48. Kc2 h5 49. Ra6+ Kf5 50. Rd6 Ke4 51. Kd2 Rb3 52. Rd7 g5 53. h4 g4 54.
Rf7 Kf5 55. Rd7 Ke4 56. Rd6 Ra3 57. Rxf6 Ra2+ 58. Ke1 Rc2 59. Bd2 Kd3 60. Be3 Rb2 61.
Kf1 Ke4 62. Rf4+ Kd3 63. Rf5 Ke4 64. Rxh5 Kf3 65. Rf5+ Ke4 66. Rf4+ Kd3 67. Rxg4 Rb1+ 68.
Kg2 Ke2 69. h5 Rb7 70. h6 Rh7 71. Rh4 Kd3 72. g4 Ke4 73. g5+ Kf5 74. Kg3 Kg6 75.
f4 Rf7 76. Kg4 Kh7 77. f5 Kh8 78. g6 Rf8 79. g7+ Kh7 80. gxf8=N+ Kh8 81. Ng6+ Kh7 82. Ne7 Kh8 83. f6 Kh7 84. f7 Kh8 85. f8=Q+ Kh7 86. Qg7# 1-0